 Dungeon Crawl Stone Soup version 0.28.0-43-g3370ac3207 (webtiles) character file.

Game seed: 6499551597629750843

2542 Peloso the Carver (level 9, -3/73 (78) HPs)
             Began as a Minotaur Fighter on Mar 18, 2022.
             Was a Believer of Okawaru.
             Slain by a wight
             ... wielding a +0 spear
              (9 damage)
             ... on level 7 of the Dungeon.
             The game lasted 00:09:09 (6899 turns).

Peloso the Carver (Minotaur Fighter)                Turns: 6899, Time: 00:09:09

HP:   -3/73 (78)    AC: 16    Str: 23    XL:     9   Next: 30%
MP:   7/8           EV:  7    Int:  5    God:    Okawaru [**....]
Gold: 320           SH:  5    Dex: 12    Spells: 8/8 levels left

rFire   . . .      SeeInvis .   a - +2 long sword
rCold   . . .      Faith    .   c - +0 buckler
rNeg    . . .      Spirit   .   m - +0 plate armour
rPois   +          Reflect  .   (helmet restricted)
rElec   .          Harm     .   (no cloak)
rCorr   +          Rampage  .   j - +0 pair of gloves
Will    .....                   r - +0 pair of boots
Stlth   ..........              (no amulet)
HPRegen 0.22/turn               l - ring of resist corrosion
MPRegen 0.11/turn               u - ring of poison resistance

@: drained
A: horns 2, retaliatory headbutt
a: Renounce Religion, Heroism


You were on level 7 of the Dungeon.
You worshipped Okawaru.
Okawaru was pleased with you.
You visited 2 branches of the dungeon, and saw 8 of its levels.
You also visited: Ossuary.

You collected 320 gold pieces.

Inventory:

Hand Weapons
 a - a +2 long sword (weapon)
Missiles
 F - 2 throwing nets (quivered)
Armour
 b - a +0 scale mail
 c - a +0 buckler (worn)
 j - a +0 pair of gloves (worn)
 m - a +0 plate armour (worn)
 r - a +0 pair of boots (worn)
Jewellery
 l - a ring of resist corrosion (left hand)
 u - a ring of poison resistance (right hand)
 B - a ring of see invisible
Wands
 E - a wand of flame (28)
Scrolls
 e - 4 scrolls of teleportation {unknown}
 i - a scroll of fog
 p - 2 scrolls of enchant weapon {unknown}
 s - a scroll of summoning {unknown}
 t - 3 scrolls of identify {unknown}
 v - a scroll of immolation {unknown}
 y - a scroll of magic mapping {unknown}
 A - a scroll of enchant armour {unknown}
 C - a scroll of noise {unknown}
 D - a scroll of fear {unknown}
Potions
 d - 2 potions of might
 f - 2 potions of flight {unknown}
 g - 2 potions of curing {unknown}
 h - a potion of berserk rage {unknown}
 k - a potion of brilliance {unknown}
 n - 2 potions of cancellation {unknown}
 o - 2 potions of heal wounds
 q - a potion of lignification {unknown}
 w - a potion of haste {unknown}
 x - a potion of degeneration {unknown}
 z - 2 potions of mutation {unknown}


   Skills:
 + Level 6.8 Fighting
 + Level 10.4 Long Blades
 + Level 8.6 Armour
 + Level 2.2 Dodging
 + Level 0.5 Stealth
 + Level 6.0 Shields
 + Level 0.1 Invocations


You had 8 spell levels left.
You didn't know any spells.
Your spell library contained the following spells:

 Spells                   Type           Power      Damage    Failure   Level
 Beastly Appendage        Tmut           0%         N/A       100%        1
 Blink                    Tloc           0%         N/A       100%        2
 Ignite Poison            Fire/Tmut/Pois 0%         N/A       100%        3
 Lesser Beckoning         Tloc           0%         N/A       100%        3
 Portal Projectile        Hex/Tloc       0%         N/A       100%        3
 Ice Form                 Ice/Tmut       0%         N/A       100%        4
 Leda's Liquefaction      Hex/Erth       0%         N/A       100%        4
 Petrify                  Tmut/Erth      0%         N/A       100%        4
 Manifold Assault         Tloc           0%         N/A       100%        5
 Necromutation            Tmut/Necr      0%         N/A       100%        8
 Call Canine Familiar     Summ           Unusable   N/A       N/A         3

Dungeon Overview and Level Annotations

Branches:
Dungeon (7/15)             Temple (1/1) D:4         Ossuary (visited)

Altars:
Ashenzari
Dithmenos
Fedhas
Kikubaaqudgha
Makhleb
Nemelex Xobeh
Okawaru
Qazlal
Ru
Sif Muna
Uskayaw
Vehumet
Xom
Yredelemnul
Zin
The Shining One
Lugonu

Shops:
D:1 *

Portals:
Abyss: D:5

Annotations:
D:4 4 runed translucent doors
D:5 2 runed translucent doors


Innate Abilities, Weirdness & Mutations

You have a pair of horns on your head.
You reflexively headbutt those who attack you in melee.


Message History

The wight is lightly damaged.
The wight hits you but does no damage. The wight closely misses you.
Unknown command.
You hit the wight. You headbutt the wight!
You destroy the wight!
Okawaru accepts your kill.
The wight hits you from afar with a +0 spear.
* * * LOW HITPOINT WARNING * * *
You closely miss the wight. Your headbutt misses the wight.
You feel like a meek peon again. The wight closely misses you.
You furiously retaliate!
You headbutt the wight, but do no damage.
Unknown command.
You closely miss the wight. Your headbutt misses the wight.
The wight hits you from afar with a +0 spear.
* * * LOW HITPOINT WARNING * * *
The wight hits you but does no damage.
Unknown command.
You barely miss the wight.
You headbutt the wight, but do no damage.
The wight hits you but does no damage.
The wight hits you with a +0 long sword.
* * * LOW HITPOINT WARNING * * *
Unknown command.
You hit the wight but do no damage. You headbutt the wight.
The wight is lightly damaged.
The wight hits you but does no damage.
Unknown command.
You hit the wight.
The wight is heavily damaged.
The wight completely misses you. You block the wight's attack.
Unknown command.
You completely miss the wight.
The wight is heavily damaged.
The wight hits you with a +0 long sword!
* * * LOW HITPOINT WARNING * * *
You feel drained.
* * * LOW HITPOINT WARNING * * *
The wight hits you from afar with a +0 spear!
You die...

## ###.###
#....#......#### .
.....#..#..)@#.## ..
.......#...#z..## ...
#.....>..z.....#
....#.............##
#.............ยง.###
#....#..........###..##
.......).....(.........
.##....>#)....#..z....#
#....##<.##.###......


You could see 2 wights.

Vanquished Creatures
  Harold (D:7)
  A wraith (Ossuary)
  A steam dragon (D:7)
  An ice beast (D:4)
  An orc warrior (D:6)
  4 ogres
  2 necrophages
  A centaur (D:6)
  A phantom (D:4)
  A bullfrog (D:6)
  4 wights
  A howler monkey (D:6)
  A gnoll shaman (D:6)
  2 hounds
  A centaur zombie (D:5)
  An orc priest (D:4)
  A bullfrog skeleton (D:5)
  3 mummies (Ossuary)
  A howler monkey skeleton (D:5)
  10 gnolls
  10 adders
  A worm (D:4)
  3 dart slugs
  9 orcs
  6 endoplasms
  3 giant cockroaches
  10 hobgoblins
  12 jackals
  8 kobolds
  9 quokkas
  12 ball pythons
  5 bats
  A frilled lizard (D:1)
  12 goblins
  2 goblin zombies (Ossuary)
  4 hobgoblin zombies (Ossuary)
  2 kobold zombies (Ossuary)
  6 rats
154 creatures vanquished.

Vanquished Creatures (others)
  4 plants (D:2)
4 creatures vanquished.

Grand Total: 158 creatures vanquished

Notes
Turn   | Place    | Note
-------+----------+-------------------------------------------
     0 | D:1      | Peloso the Minotaur Fighter began the quest for the Orb.
     0 | D:1      | Reached XP level 1. HP: 19/19 MP: 0/0
    50 | D:1      | Found Zuzippom's Assorted Antiques.
    71 | D:1      | Reached XP level 2. HP: 14/27 MP: 1/1
   247 | D:1      | HP: 1/27 [goblin/+0 club (2)]
   577 | D:1      | Reached XP level 3. HP: 33/33 MP: 2/2
   640 | D:1      | Reached skill level 3 in Long Blades
  1248 | D:2      | Reached XP level 4. HP: 27/41 MP: 3/3
  1746 | D:2      | Found a faded altar of an unknown god.
  2403 | D:3      | Reached skill level 4 in Long Blades
  2762 | D:4      | Found a glowing silver altar of Zin.
  2763 | D:4      | Noticed an angel
  2825 | D:4      | Noticed a phantom
  2837 | D:4      | Killed a phantom
  2838 | D:4      | Reached XP level 5. HP: 27/47 MP: 4/4
  3107 | D:4      | Found a blossoming altar of Fedhas.
  3124 | D:4      | Noticed an ogre
  3124 | D:4      | Noticed a necrophage
  3131 | D:4      | Killed an ogre
  3132 | D:4      | Reached skill level 5 in Long Blades
  3132 | D:4      | Reached skill level 5 in Armour
  3132 | D:4      | Reached XP level 6. HP: 39/55 MP: 5/5
  3138 | D:4      | Reached skill level 1 in Dodging
  3279 | D:4      | Found a sand-covered staircase.
  3303 | Ossuary  | Entered an ossuary
  3303 | Ossuary  | Noticed a wraith
  3303 | Ossuary  | Noticed a wraith
  3303 | Ossuary  | Noticed a wraith
  3672 | Ossuary  | Noticed a wraith
  3678 | Ossuary  | Killed a wraith
  3679 | Ossuary  | Reached skill level 5 in Fighting
  3679 | Ossuary  | Reached skill level 6 in Long Blades
  3679 | Ossuary  | Reached XP level 7. HP: 55/61 MP: 6/6
  3932 | D:4      | Found a staircase to the Ecumenical Temple.
  3953 | Temple   | Entered the Ecumenical Temple
  4058 | Temple   | Became a worshipper of Warmaster Okawaru
  4251 | D:4      | Found a large runed translucent door.
  4251 | D:4      | Found a large runed translucent door.
  4357 | D:4      | Got the Catalogue of Shifting Toxins
  4379 | D:4      | Found a large runed translucent door.
  4379 | D:4      | Found a large runed translucent door.
  4423 | D:4      | Reached skill level 7 in Long Blades
  4564 | D:4      | Identified the +4 triple sword of Sloth {flame, rF+ rC+++
                  | Will+ Str-4}
  4597 | D:5      | Entered Level 5 of the Dungeon
  5012 | D:5      | Found a one-way gate to the infinite horrors of the Abyss.
  5140 | D:5      | Found a large runed translucent door.
  5141 | D:5      | Found a large runed translucent door.
  5148 | D:5      | Found a corrupted altar of Lugonu.
  5197 | D:5      | Reached skill level 8 in Long Blades
  5628 | D:6      | Reached * piety under Okawaru
  5629 | D:6      | Reached XP level 8. HP: 49/69 MP: 7/7
  5656 | D:6      | Reached skill level 5 in Shields
  5959 | D:6      | Reached skill level 9 in Long Blades
  6027 | D:6      | Reached ** piety under Okawaru
  6612 | D:7      | Noticed Harold
  6631 | D:7      | Killed Harold
  6632 | D:7      | Reached skill level 10 in Long Blades
  6632 | D:7      | Reached XP level 9. HP: 29/78 MP: 8/8
  6899 | D:7      | Slain by a wight

Illustrated notes

Levels and vault maps discovered:
D:1:      dpeg_arrival_refuge, layout_basic, serial_shops, shop_fountains
D:2:      layout_rooms, shapermc_ecumenical_altar_petra
D:3:      layout_basic, minmay_goblin_outpost
D:4:      layout_loops_ring, zin_angel, fedhas_altar_2,
          minmay_temple_entry_waves, nicolae_ossuary_entry_plus, st_stairs_6,
          minmay_hollow_rounded_squares
D:5:      due_chaos_kobolds, layout_layer_cave, minmay_checkerbox
D:6:      layout_cave_pools
D:7:      layout_cave_pools, chequers_temple_overflow_statue_of_worship,
          uniq_harold
Temple:   eino_temple_rhombus

Skill      XL: |  1  2  3  4  5  6  7  8  9 |
---------------+----------------------------+-----
Armour         | 4 5 6 8 |  8.6
Fighting       | 4 5 6 |  6.8
Long Blades    | 3 4 5 6 8 10 | 10.4
Shields        | 4 5 6 |  6.0
Dodging        | 1 2 |  2.2
Stealth        | |  0.5
Invocations    | |  0.1

Action                   |  1- 3 |  4- 6 |  7- 9 || total
-------------------------+-------+-------+-------++-------
Melee: Long sword        |    82 |   186 |   186 ||   454
       Headbutt          |    11 |    26 |    39 ||    76
Invok: Heroism           |       |       |     2 ||     2
  Use: Scroll            |       |     1 |       ||     1
       Potion            |       |       |     3 ||     3
Armor: Scale mail        |    49 |     6 |       ||    55
       Plate armour      |       |   113 |   121 ||   234
Dodge: Dodged            |    50 |    49 |    67 ||   166
Block: Buckler           |    17 |    45 |    48 ||   110
